 Dungeon Crawl Stone Soup version 0.32-a0-876-gcfddb08e57 (webtiles) character file.

Game seed: 7548717165703120043

193 Autsider the Magician (level 5, -3/45 HPs)
             Began as an Oni Hedge Wizard on Apr 1, 2024.
             Slain by Grinder (9 damage)
             ... on level 5 of the Dungeon.
             The game lasted 00:09:56 (4753 turns).

Autsider the Magician (Oni Hedge Wizard)            Turns: 4753, Time: 00:09:57

Health: -3/45      AC:  2    Str: 14    XL:     5   Next: 72%
Magic:  10/12      EV:  8    Int: 23    God:
Gold:   252        SH:  0    Dex:  8    Spells: 5/13 levels left

rFire   . . .        b - +0 club
rCold   . . .        (no shield)
rNeg    . . .        (body armour restricted)
rPois   .            c - +0 hat
rElec   .            y - +0 cloak
rCorr   .            (gloves unavailable)
SInv    .            (boots unavailable)
Will    .....        (no amulet)
Stlth   +            v - +6 ring of intelligence
HPRegen 0.27/turn    (no ring)
MPRegen 0.13/turn

%: no passive effects
@: on blink cooldown
A: large, unfitting armour, horns 1, tough skin 1, double potion healing,
drunken brawling
a: no special abilities


You were on level 5 of the Dungeon.
You visited 1 branch of the dungeon, and saw 5 of its levels.

You collected 252 gold pieces.

Inventory:

Hand Weapons
 b - a +0 club (weapon)
Armour
 c - a +0 hat (worn)
 y - a +0 cloak (worn)
Jewellery
 v - a +6 ring of intelligence (left hand)
Talismans
 o - a maw talisman
 q - a flux talisman
Wands
 x - a wand of iceblast (9)
Scrolls
 a - 2 scrolls of enchant weapon {unknown}
 e - a scroll of fear {unknown}
 f - 4 scrolls of amnesia {unknown}
 g - 2 scrolls of immolation {unknown}
 h - 6 scrolls of identify {unknown}
 j - 6 scrolls of blinking {unknown}
 m - 2 scrolls of teleportation {unknown}
 n - a scroll of enchant armour {unknown}
 s - 2 scrolls of poison {unknown}
 t - 2 scrolls of torment {unknown}
 w - a scroll of revelation {unknown}
 B - 3 scrolls of summoning {unknown}
Potions
 d - 2 potions of magic
 i - a potion of might {unknown}
 k - a potion of haste {unknown}
 l - 2 potions of cancellation {unknown}
 p - a potion of berserk rage {unknown}
 r - 2 potions of ambrosia {unknown}
 u - 2 potions of mutation {unknown}
 z - a potion of lignification {unknown}
 A - a potion of enlightenment {unknown}
 C - a potion of invisibility {unknown}


   Skills:
 - Level 1.7 Dodging
 - Level 1.4 Stealth
 + Level 4.9 Spellcasting
 + Level 2.6 Conjurations
 - Level 2.0 Summonings
 + Level 1.9 Translocations
 + Level 0.6 Air Magic
 + Level 0.7 Alchemy


You had 5 spell levels left.
You knew the following spells:

 Your Spells              Type           Power      Damage    Failure   Level
a - Magic Dart            Conj           68%        1d6       3%          1
b - Mephitic Cloud        Conj/Alch/Air  11%        N/A       17%         3
z - Blink                 Tloc           28%        N/A       6%          2
A - Call Imp              Summ           28%        N/A       6%          2

Your spell library contained the following spells:

 Spells                   Type           Power      Damage    Failure   Level
 Necrotise                Necr           20%        1d5       10%         1
 Slow                     Hex            20%        N/A       10%         1
 Cigotuvi's Dreadful Rot  Necr/Alch/Air  14%        N/A       12%         2
 Fugue of the Fallen      Necr           5%         N/A       28%         3
 Ozocubu's Armour         Ice            5%         N/A       28%         3
 Vampiric Draining        Necr           5%         2d6       28%         3
 Martyr's Knell           Necr/Summ      10%        N/A       54%         4
 Curse of Agony           Necr           5%         N/A       95%         5
 Manifold Assault         Tloc           7%         N/A       100%        7


Dungeon Overview and Level Annotations

Branches:
Dungeon (5/15)
 Temple: D:4-7

Altars:
Elyvilon
Gozag
Zin

Shops:
D:2 =

Annotations:
D:5 Grinder


Innate Abilities, Weirdness & Mutations

You are too large for most types of armour.
You have a pair of small horns on your head.
You have tough skin. (AC +1)
You gain doubled healing and magic from potions.
Whenever you drink a healing potion, you attack all around you.


Message History

Aim: Grinder (heavily wounded, not watching you, ally target, 100% to hit)
The magic dart hits Grinder but does no damage.
Grinder is heavily wounded.
Casting: Magic Dart (safe; 3% risk of failure)
Confirm with . or Enter, or press ? or * to list all spells.
Aiming: Magic Dart (safe; 3% risk of failure)
Press: ? - help, Shift-Dir - straight line, f/p - Grinder
Aim: Grinder (heavily wounded, ally target, 100% to hit)
The magic dart hits Grinder but does no damage.
Grinder is heavily wounded.
Grinder gestures at you. You resist with significant effort.
Casting: Magic Dart (safe; 3% risk of failure)
Confirm with . or Enter, or press ? or * to list all spells.
Aiming: Magic Dart (safe; 3% risk of failure)
Press: ? - help, Shift-Dir - straight line, f/p - Grinder
Aim: Grinder (heavily wounded, ally target, 100% to hit)
The magic dart hits Grinder.
Grinder is severely wounded.
Grinder gestures at you. Pain shoots through your body!
* * * LOW HITPOINT WARNING * * *
Casting: Magic Dart (safe; 3% risk of failure)
Confirm with . or Enter, or press ? or * to list all spells.
You don't have enough magic to cast this spell.
Casting: Magic Dart (safe; 3% risk of failure)
Confirm with . or Enter, or press ? or * to list all spells.
You don't have enough magic to cast this spell.
You take a swig of the potion and twirl your +0 club.
You barely miss Grinder.
Grinder is severely wounded.
Magic courses through your body. Grinder gestures at you.
Pain shoots through your body!
* * * LOW HITPOINT WARNING * * *
Casting: Magic Dart (safe; 3% risk of failure)
Confirm with . or Enter, or press ? or * to list all spells.
You blink.
Grinder hits you!
You die...
Grinder says, "Hey, I wasn't done torturing you yet!"

.#.....#....#.....#
.#.....'....#<....# ...
.###...##...##.######### ...
.###...##...##.####.##.####+##...
.......#.........................
.......#.........................
.......#........§................
.......+.......5.................
.......#.......5@................
#.##.########..##.#########......
#.##.####..##..##.####...##...§..
#................................
+......................5.........
#................................
#................................
#................................
#################+##...####.#####


You could see Grinder (ally target) and a friendly cerulean imp (summoned,
paralysed).

Vanquished Creatures
  An iguana (D:5)
  2 adders
  A shadow imp (D:3)
  A ribbon worm (D:3)
  3 dart slugs
  10 endoplasms
  3 giant cockroaches
  7 goblins
  8 hobgoblins
  A jackal (D:2)
  4 quokkas
  2 ball pythons (D:1)
  4 bats
  5 frilled lizards
  11 kobolds
  3 rats
66 creatures vanquished.

Vanquished Creatures (collateral kills)
  A jelly (D:4)
  An iguana (D:4)
  An adder (D:3)
3 creatures vanquished.

Grand Total: 69 creatures vanquished

Notes
Turn   | Place    | Note
-------+----------+-------------------------------------------
     0 | D:1      | Autsider the Oni Hedge Wizard began the quest for the Orb.
     0 | D:1      | Reached XP level 1. HP: 16/16 MP: 5/5
    33 | D:1      | Reached skill level 1 in Conjurations
    91 | D:1      | Reached skill level 1 in Summonings
   281 | D:1      | Reached XP level 2. HP: 13/24 MP: 0/6
   361 | D:1      | Learned a level 2 spell: Call Imp
   651 | D:1      | Reached skill level 4 in Spellcasting
   998 | D:1      | Reached XP level 3. HP: 31/31 MP: 6/8
  1466 | D:2      | Found Bacy's Jewellery Shop.
  1834 | D:2      | Found a white marble altar of Elyvilon.
  2286 | D:3      | Learned a level 2 spell: Blink
  2339 | D:3      | Reached skill level 1 in Translocations
  2545 | D:3      | Reached XP level 4. HP: 39/39 MP: 8/10
  2995 | D:3      | Found a glowing silver altar of Zin.
  3542 | D:4      | Reached XP level 5. HP: 35/45 MP: 1/12
  3546 | D:4      | Learned a level 3 spell: Mephitic Cloud
  4229 | D:5      | Entered Level 5 of the Dungeon
  4243 | D:5      | Found an opulent altar of Gozag.
  4696 | D:5      | Noticed Grinder
  4696 | D:5      | Paralysed by Grinder for 5 turns
  4753 | D:5      | Slain by Grinder

Illustrated notes

Levels and vault maps discovered:
D:1:      amcnicky_arrival_blooded_trapdoor, layout_basic,
          chequers_serial_rivers_micro_b, minmay_misc_feat_five, st_stairs_7
D:2:      kennysheep_big_flooded_room, layout_loops_cross, basic_altar,
          serial_shops, shop, grunt_ministairs_1
D:3:      layout_rooms, mainiacjoe_overflow_six_doors_small
D:4:      layout_loops_ring, kennysheep_generic_room_11
D:5:      layout_gridville, pf_just_have_faith, uniq_grinder

Skill      XL: |  1  2  3  4 |
---------------+-------------+-----
Conjurations   | 1 2 |  2.6
Summonings     | 1 2 |  2.0
Spellcasting   | 4 |  4.9
Translocations | 1 |  1.9
Dodging        | |  1.7
Stealth        | |  1.4
Air Magic      | |  0.6
Alchemy        | |  0.7

Action                     |  1- 3 |  4- 6 || total
---------------------------+-------+-------++-------
  Melee: Unarmed           |    12 |       ||    12
         Club              |    30 |     9 ||    39
         Headbutt          |     6 |     1 ||     7
   Cast: Magic Dart        |   102 |    94 ||   196
         Call Imp          |       |    10 ||    10
         Blink             |       |     2 ||     2
    Use: Potion            |       |     1 ||     1
 Armour: Skin              |    45 |    24 ||    69
  Dodge: Dodged            |    36 |    18 ||    54

Table legend: (Time is in decaauts)
 A = Elapsed time spent in this place.
 B = Non-inter-level travel time spent in this place.
 C = Inter-level travel time spent in this place.
 D = Time resting spent in this place.
 E = Time spent auto-exploring this place.
 F = Levels seen in this place.
 G = Mean time per level.
                   A        B        C        D        E       F      G
               +--------+--------+--------+--------+--------+-----+--------+
         Total |   4762 |   4643 |    119 |    122 |   3947 |   5 |  952.4 |
       Dungeon |   4762 |   4643 |    119 |    122 |   3947 |   5 |  952.4 |
               +--------+--------+--------+--------+--------+-----+--------+

Top non-repeatable levels by time:
     D:1: 1321 daAuts
     D:4: 1061 daAuts
     D:2: 967 daAuts
     D:3: 887 daAuts
     D:5: 524 daAuts
